 Dungeon Sprint DCSS version 0.30-a0-469-g84de5afbc5 (webtiles) character file.

Game seed: 7359480289811669333

146797 rocky1 the Swordfish (level 16, -2/167 HPs)
             Began as a Merfolk Gladiator on Dec 20, 2022.
             Was an Initiate of Gozag.
             Slain by Mennas
             ... wielding a +4 trishula of holy wrath
              (15 damage)
             ... in the Dungeon (Sprint III: "The Ten Rune Challenge").
             The game lasted 00:57:45 (10197 turns).

rocky1 the Swordfish (Merfolk Gladiator)           Turns: 10197, Time: 00:57:46

Health: -2/167     AC: 20    Str: 19    XL:     16   Next: 31%
Magic:  25/25      EV: 29    Int: 10    God:    Gozag
Gold:   239        SH:  0    Dex: 24    Spells: 43/43 levels left

rFire   + + .      SeeInvis .    G - +4 triple sword (flame)
rCold   + + .      Faith    .    (shield currently unavailable)
rNeg    . . .      Spirit   .    O - +1 scale mail of Mazuthru {rF+ MP-9 Int+3}
rPois   +          Reflect  .    I - +0 hat {Will+}
rElec   +          Harm     .    u - +0 cloak of the Imp {rElec}
rCorr   .          Rampage  .    a - +0 pair of gloves {Dex+3}
Will    ++...      NoTele   +    c - +3 pair of mountain boots {steadfast, rC+}
Stlth   +++.......               l - amulet of Checkmate {Regen+ Stlth+}
HPRegen 1.27/turn                C - ring "Ysakuats" {+Blink rF+}
MPRegen 0.19/turn                U - ring of Feocrem {rPois rC+}

@: hasted, glowing, studying 4 skills, very quick
A: (nimble swimmer 2), mertail, iridescent scales 1, strong 1
}: 3/10 runes: decaying, serpentine, silver
a: Renounce Religion, Evoke Blink, Potion Petition, Call Merchant, Bribe Branch


You were in the Dungeon.
You worshipped Gozag.
Gozag was aware of your devotion.
You visited 1 branch You collected 27665 gold pieces.
You spent 16916 gold pieces at shops.
You paid 10510 gold pieces to Gozag.

Inventory:

Hand Weapons
 G - a +4 triple sword of flaming (weapon)
 H - the +2 triple sword "Nuag" {elec, Int+2}
   (You found it in the Dungeon)

   It occasionally discharges a powerful burst of electricity upon striking a
   foe.
   Int:       It affects your intelligence (+2).
 M - a +1 triple sword of holy wrath
Missiles
 d - 2 throwing nets
 e - a javelin (quivered)
 h - 7 curare-tipped darts
 m - 3 boomerangs
 r - 9 silver javelins
Armour
 a - a +0 pair of gloves of dexterity (worn)
 b - a +2 helmet of intelligence
 c - the +3 pair of mountain boots (worn) {steadfast, rC+}
   (You acquired it in the Dungeon)

   It prevents involuntary movement, except for blinking, teleportation, or
   banishment.
   rC:        It protects you from cold.
 o - a +0 cloak
 u - the +0 cloak of the Imp (worn) {rElec}
   (You acquired it in the Dungeon)

   rElec:     It insulates you from electricity.
 I - a +0 hat of willpower (worn)
 O - the +1 scale mail of Mazuthru (worn) {rF+ MP-9 Int+3}
   (You bought it in a shop in the Dungeon)

   Int:       It affects your intelligence (+3).
   rF:        It protects you from fire.
   MP:        It affects your magic capacity (-9).
 P - a +2 pair of boots of flying
 W - the +0 cloak of Hangman {-Tele +Inv rF++ rC+}
   (You found it in the Dungeon)

   rF:        It greatly protects you from fire.
   rC:        It protects you from cold.
   +Inv:      It lets you turn invisible.
   -Tele:     It prevents most forms of teleportation.
Jewellery
 l - the amulet of Checkmate (around neck) {Regen+ Stlth+}
   (You bought it in a shop in the Dungeon)

   [amulet of regeneration]

   Regen:     It increases your rate of health regeneration.
   Stlth:     It makes you more stealthy.
 y - a ring of see invisible
 C - the ring "Ysakuats" (left hand) {+Blink rF+}
   (You bought it in a shop in the Dungeon)

   [ring of protection from fire]

   rF:        It protects you from fire.
   +Blink:    It lets you blink.
 T - the ring "Suowiq" {+Blink rPois rC+ Will- Dex+4}
   (You found it in the Dungeon)

   [ring of poison resistance]

   Dex:       It affects your dexterity (+4).
   rC:        It protects you from cold.
   rPois:     It protects you from poison.
   +Blink:    It lets you blink.
   Will:      It decreases your willpower.
 U - the ring of Feocrem (right hand) {rPois rC+}
   (You found it in the Dungeon)

   [ring of poison resistance]

   rC:        It protects you from cold.
   rPois:     It protects you from poison.
 Y - the ring of the Mage {Wiz Archmagi}
   (You bought it in a shop in the Dungeon)

   [ring of wizardry]

   It improves your spell success rate.
   Archmagi:  It increases the power of your magical spells.
Wands
 s - a wand of quicksilver (7)
 v - a wand of iceblast (9)
 B - a wand of digging (7)
 N - a wand of paralysis (5)
 Z - a wand of mindburst (11)
Scrolls
 k - 2 scrolls of blinking
 n - 2 scrolls of silence
 q - 2 scrolls of poison
 F - 3 scrolls of immolation
 J - a scroll of fear
 R - 3 scrolls of torment
Potions
 f - 10 potions of curing
 i - 3 potions of magic
 p - 7 potions of mutation
 t - 2 potions of attraction
 w - 5 potions of might
 x - a potion of heal wounds
 z - 4 potions of haste
 A - 6 potions of resistance
 D - a potion of cancellation
 E - 11 potions of flight
 K - 2 potions of degeneration
 L - 5 potions of invisibility
 Q - a potion of ambrosia
Miscellaneous
 g - a piece from Xom's chessboard (15/15)
 j - a phial of floods
 S - a lightning rod (4/4)
 V - a tin of tremorstones (2/2)
 X - a condenser vane


   Skills:
 O Level 27 Fighting
 O Level 27 Long Blades
 - Level 2.0 Throwing
 + Level 14.0 Armour
 + Level 24.9 Dodging
 + Level 18.0 Stealth
 + Level 14.4 Spellcasting
 + Level 14.0 Evocations


You had 43 spell levels left.
You didn't know any spells.
Your spell library contained the following spells:

 Spells                   Type           Power      Damage    Failure   Level
 Necrotise                Necr           28%        1d5       19%         1
 Passwall                 Tmut/Erth      5%         N/A       28%         2
 Dazzling Flash           Conj/Hex       14%        N/A       50%         3
 Gell's Gravitas          Tloc           7%         N/A       50%         3
 Kindle Blastsparks       Fire/Tloc/Air  14%        2d11      50%         3
 Lesser Beckoning         Tloc           14%        N/A       50%         3
 Ozocubu's Armour         Ice            7%         N/A       50%         3
 Portal Projectile        Hex/Tloc       14%        N/A       50%         3
 Teleport Other           Tloc           7%         N/A       50%         3
 Tukima's Dance           Hex            7%         N/A       50%         3
 Vampiric Draining        Necr           7%         2d6       50%         3
 Fulminant Prism          Conj/Hex       3%         3d5       88%         4
 Iskenderun's Mystic Bla  Conj/Tloc      7%         2d4       88%         4
 Leda's Liquefaction      Hex/Erth       3%         N/A       88%         4
 Passage of Golubria      Tloc           7%         N/A       88%         4
 Summon Ice Beast         Ice/Summ       7%         N/A       88%         4
 Agony                    Necr           7%         N/A       99%         5
 Borgnjor's Vile Clutch   Necr/Erth      3%         N/A       99%         5
 Lee's Rapid Deconstruct  Erth           3%         3d5*      99%         5
 Metabolic Englaciation   Hex/Ice        3%         N/A       99%         5
 Yara's Violent Unravell  Hex/Tmut       3%         3d4       99%         5
 Iron Shot                Conj/Erth      3%         9d2       100%        6
 Statue Form              Tmut/Erth      4%         N/A       100%        6
 Summon Cactus Giant      Summ           3%         N/A       100%        6
 Haunt                    Necr/Summ      3%         N/A       100%        7
 Shatter                  Erth           3%         3d7*      100%        9
 Simulacrum               Ice/Necr       Unusable   N/A       N/A         6

Dungeon Overview and Level Annotations

Branches:
Dungeon (1/1)

Altars:
Cheibriados
Dithmenos
Elyvilon
Fedhas
Gozag
Hepliaklqana
Kikubaaqudgha
Makhleb
Nemelex Xobeh
Okawaru
Qazlal
Ru
Sif Muna
Trog
Uskayaw
Vehumet
Wu Jian
Xom
Yredelemnul
Zin
The Shining One
Jiyva
Lugonu

Shops:
D [(!=(?:([[[:([!![!=[:*([([=?![!

Annotations:
D exclusion: statue, Mennas


Innate Abilities, Weirdness & Mutations

((You are very nimble when in or above water. (Stealth+, EV+, Speed+++)))
Your lower body shifts to a powerful aquatic tail in water.
You are partially covered in iridescent scales. (AC +2)
Your muscles are strong. (Str +4, Int/Dex -1)


Message History

Mennas is moderately wounded.
Mennas hits you with a +4 trishula of holy wrath!
* * * LOW HITPOINT WARNING * * *
Mennas hits you but does no damage.
You feel much better.
Mennas hits you with a +4 trishula of holy wrath.
* * * LOW HITPOINT WARNING * * *
Mennas hits you with a +4 trishula of holy wrath.
* * * LOW HITPOINT WARNING * * *
Unknown command.
You blink.
You feel much better.
You feel stable enough to blink again.
Mennas gestures frantically.
You are confused.
You feel better.
Mennas hits you from afar with a +4 trishula of holy wrath!
Mennas closely misses you.
Mennas hits you from afar with a +4 trishula of holy wrath!
* * * LOW HITPOINT WARNING * * *
Mennas hits you from afar with a +4 trishula of holy wrath.
* * * LOW HITPOINT WARNING * * *
Mennas closely misses you.
Mennas hits you with a +4 trishula of holy wrath!
* * * LOW HITPOINT WARNING * * *
Okay, then.
You feel yourself speed up.
Mennas hits you with a +4 trishula of holy wrath!
* * * LOW HITPOINT WARNING * * *
Mennas completely misses you.
Mennas hits you with a +4 trishula of holy wrath.
* * * LOW HITPOINT WARNING * * *
Mennas hits you with a +4 trishula of holy wrath!
* * * LOW HITPOINT WARNING * * *
You feel much better.
Mennas hits you with a +4 trishula of holy wrath!!
* * * LOW HITPOINT WARNING * * *
Mennas hits you with a +4 trishula of holy wrath!
You die...
Your body crumbles into a pile of gold.

,$*,,*,,,,*#...A....#'###.......#
,,*,,*,,,,*#~......~#~~~##.....##
***++*******8~....~,#'#'###...##*
*,*,,*,*,**####'A####.#.# ##+##**
,,,,,,,,,,*#..'.∩...#'#####,~~~+*
***+*******########.#..'∩∩#,~~,*^
,,,,,,,,,,,#...# ##.####∩∩#,~~,**
,,,,,,,,,,,#...###...###..#,,~,*,
,,,,,,,,,,,+...'@A.....+..+,,~~+,
,,,,,,,,,,,#...###...###..#~~~,*,
,,,,,,,,,,,#...# ##.##∩#..#,,,,*,
****+******#####**#.#..#..#***+**
,*,,,,*,,,**,,,,,,#'#'##..#,*,*,*
,+,,,,+,,,**,,,,,,#.'..'..+*,*,*,
,*,,,,*,,,**,,,,,,#.####..#,*,*,*
********+***,,,,,,+.#,*####******
,,,,,,,,,* *,,,,,,###,*,,,,,,,*,,


You could see Mennas.

Vanquished Creatures
  Sojobo (D)
  Boris (D)
  the Lernaean hydra (D)
  A golden dragon (D)
  Rupert (D)
  A deep elf blademaster (D)
  A quicksilver dragon (D)
  2 liches (D)
  Frances (D)
  2 sphinxes (D)
  Gastronok (D)
  Chuck (D)
  Roxanne (D)
  A nagaraja (D)
  3 shadow dragons (D)
  Donald (D)
  A frost giant (D)
  A fire giant (D)
  A broodmother (shapeshifter) (D)
  3 stone giants (D)
  2 dire elephants (D)
  Azrael (D)
  3 deep elf annihilators (D)
  2 deep elf death magi (D)
  An iron golem (D)
  A mummy priest (D)
  3 yaktaur captains (D)
  Josephine (D)
  A fire dragon (shapeshifter) (D)
  A fire dragon (D)
  An ogre mage (D)
  16 vault guards (D)
  2 hydras (D)
  2 hell beasts (D)
  5 anacondas (D)
  3 centaur warriors (D)
  4 dancing weapons (D)
  4 death yaks (D)
  A naga warrior (D)
  Urug (D)
  2 orc high priests (D)
  2 sun demons (D)
  4 hell knights (D)
  2 soul eaters (D)
  A shock serpent (shapeshifter) (D)
  A deep elf knight (D)
  3 skeletal warriors (D)
  A death drake (D)
  2 anaconda zombies (D)
  A spriggan druid (D)
  2 swamp dragons (D)
  An orc knight (D)
  An obsidian statue (D)
  An orange crystal statue (D)
  6 ugly things (D)
  A lindwurm (D)
  3 deep elf pyromancers (D)
  3 deep elf zephyrmancers (D)
  2 oklob plants (D)
  2 orc sorcerers (D)
  4 crystal guardians (D)
  3 black mambas (D)
  An elephant (shapeshifter) (D)
  2 elephants (D)
  A stone giant skeleton (D)
  A guardian serpent (D)
  4 statues (D)
  An iron troll simulacrum (D)
  A komodo dragon (D)
  2 yaktaurs (D)
  2 cane toads (D)
  An unseen horror (D)
  A yaktaur (shapeshifter) (D)
  A rime drake (D)
  2 guardian mummies (D)
  3 anaconda simulacra (D)
  2 ice devils (D)
  3 wandering mushrooms (D)
  A queen bee (D)
  4 spriggan defenders (D)
  2 tyrant leeches (D)
  8 blink frogs (D)
  2 slime creatures (D)
  A snapping turtle (shapeshifter) (D)
  2 spriggans (D)
  A shadow (D)
  A redback (shapeshifter) (D)
  A spatial vortex (D)
  3 redbacks (D)
  2 nagas (D)
  A hydra simulacrum (D)
  An orc warrior (D)
  2 water moccasins (D)
  3 swamp drakes (D)
  2 fire dragon simulacra (D)
  2 centaurs (D)
  An earth elemental (D)
  A water elemental (D)
  A necrophage (D)
  32 killer bees (D)
  An electric eel (D)
  A jelly (D)
  4 orc priests (D)
  A wizard (D)
  2 necromancers (D)
  3 orc wizards (D)
  2 polar bear simulacra (D)
  3 humans (D)
  A kobold demonologist (D)
  6 adders (D)
  A phantom (D)
  8 orcs (D)
  An endoplasm (D)
  3 rats (D)
  A butterfly (D)
  A plant (D)
270 creatures vanquished.

Vanquished Creatures (others)
  A hydra (D)
  An orc (D)
  A ballistomycete spore (D)
  A bush (D)
  19 plants (D)
23 creatures vanquished.

Grand Total: 293 creatures vanquished

Notes
Turn   | Place    | Note
-------+----------+-------------------------------------------
     0 | D        | rocky1 the Merfolk Gladiator began the quest for the Orb.
     0 | D        | Reached XP level 1. HP: 16/16 MP: 1/1
   118 | D        | Reached skill level 5 in Long Blades
   149 | D        | Reached XP level 2. HP: 4/22 MP: 2/2
   163 | D        | Reached XP level 3. HP: 27/27 MP: 3/3
   272 | D        | Noticed a water elemental
   278 | D        | Killed a water elemental
   279 | D        | Reached skill level 10 in Long Blades
   279 | D        | Reached XP level 4. HP: 33/33 MP: 4/4
   440 | D        | Reached XP level 5. HP: 22/41 MP: 5/5
   512 | D        | Noticed a shadow
   519 | D        | Killed a shadow
   520 | D        | Reached XP level 6. HP: 33/52 MP: 6/6
   592 | D        | Found a blossoming altar of Fedhas.
   592 | D        | Found a stormy altar of Qazlal.
   592 | D        | Found a snail-covered altar of Cheibriados.
   592 | D        | Found a burning altar of Makhleb.
   592 | D        | Found a shimmering altar of Xom.
   593 | D        | Found a hazy altar of Hepliaklqana.
   593 | D        | Found an opulent altar of Gozag.
   593 | D        | Found a sparkling altar of Nemelex Xobeh.
   593 | D        | Found a corrupted altar of Lugonu.
   593 | D        | Found a viscous altar of Jiyva.
   593 | D        | Noticed a spatial vortex
   598 | D        | Became a worshipper of Gozag Ym Sagoz the Greedy
   612 | D        | Killed a spatial vortex
   613 | D        | Reached skill level 15 in Long Blades
   651 | D        | Found a basalt altar of Yredelemnul.
   651 | D        | Found a shadowy altar of Dithmenos.
   651 | D        | Found a sacrificial altar of Ru.
   668 | D        | Reached XP level 7. HP: 8/61 MP: 7/7
   861 | D        | Found a radiant altar of Vehumet.
   861 | D        | Found a shimmering blue altar of Sif Muna.
   861 | D        | Found an ancient bone altar of Kikubaaqudgha.
   893 | D        | Found a hide-covered altar of Uskayaw.
   893 | D        | Found an iron altar of Okawaru.
   893 | D        | Found a bloodstained altar of Trog.
   893 | D        | Found an ornate altar of the Wu Jian Council.
   893 | D        | Noticed a human
   893 | D        | Noticed a human
   934 | D        | Killed a human
   938 | D        | Killed a human
  1057 | D        | Found a glowing silver altar of Zin.
  1058 | D        | Found a glowing golden altar of the Shining One.
  1058 | D        | Found a white marble altar of Elyvilon.
  1058 | D        | Noticed a deep elf pyromancer
  1066 | D        | Killed a deep elf pyromancer
  1067 | D        | Reached skill level 10 in Fighting
  1067 | D        | Reached XP level 8. HP: 43/73 MP: 8/8
  1181 | D        | Noticed Josephine
  1198 | D        | Killed Josephine
  1199 | D        | Reached XP level 9. HP: 33/82 MP: 9/9
  1351 | D        | Noticed an orc knight
  1352 | D        | Found Seish's Armour Shoppe.
  1352 | D        | Noticed an orc high priest
  1369 | D        | Killed an orc high priest
  1388 | D        | Killed an orc knight
  1393 | D        | Reached skill level 10 in Dodging
  1405 | D        | Noticed an orc sorcerer
  1415 | D        | Noticed an orc sorcerer
  1421 | D        | Noticed an orange demon
  1421 | D        | Killed an orc sorcerer
  1422 | D        | Reached XP level 10. HP: 28/94 MP: 10/10
  1424 | D        | Paralysed by an orc sorcerer for 3 turns
  1429 | D        | Killed an orc sorcerer
  1735 | D        | Bought the +6 ring mail "Fodugrou" {Str+2} for 497 gold
                  | pieces
  1735 | D        | Bought a +0 cloak for 49 gold pieces
  1888 | D        | Bought a runed great sword for 247 gold pieces
  1888 | D        | Bought a translucent falchion for 208 gold pieces
  1888 | D        | Identified the +5 falchion "Qivos" {elec, SInv} (You bought
                  | it in a shop in the Dungeon)
  1894 | D        | Noticed a centaur warrior
  1902 | D        | Killed a centaur warrior
  1903 | D        | Reached skill level 15 in Fighting
  2006 | D        | Killed an unseen horror
  2156 | D        | Noticed a cane toad
  2156 | D        | Noticed a cane toad
  2161 | D        | Killed a cane toad
  2163 | D        | Killed a cane toad
  2205 | D        | Reached skill level 5 in Armour
  2205 | D        | Reached XP level 11. HP: 105/105 MP: 11/11
  2221 | D        | Reached skill level 15 in Dodging
  2310 | D        | Noticed a lindwurm
  2314 | D        | Killed a lindwurm
  2467 | D        | Noticed Urug
  2472 | D        | Killed Urug
  2787 | D        | Bought a +0 pair of gloves of dexterity for 115 gold pieces
  2787 | D        | Bought a +2 helmet of intelligence for 215 gold pieces
  2934 | D        | Noticed Gastronok
  2948 | D        | Noticed a dire elephant
  2950 | D        | Killed Gastronok
  2951 | D        | Noticed a dire elephant
  2999 | D        | Noticed Donald
  2999 | D        | Noticed Frances
  3015 | D        | Killed Donald
  3030 | D        | Killed Frances
  3323 | D        | Reached XP level 12. HP: 80/117 MP: 12/12
  3599 | D        | Found Laeqoot's Antique Armour Emporium.
  3599 | D        | Found Alichan's Antique Armour Shop.
  3599 | D        | Found Ruyxzac's Antique Armour Shoppe.
  3599 | D        | Found Sod Wiun's Antique Weapon Boutique.
  3599 | D        | Found Veled's Antique Weapon Emporium.
  3599 | D        | Found Haneimih's Distillery.
  3599 | D        | Found Duekhlepp's Magic Scroll Emporium.
  3599 | D        | Found Ninkaebani's Jewellery Boutique.
  3600 | D        | Found Woasiy's Assorted Antiques.
  3600 | D        | Found Piekh's Book Shop.
  3600 | D        | Found Musoboso's Antique Armour Emporium.
  3632 | D        | Bought a potion of might for 56 gold pieces
  3632 | D        | Bought a potion of heal wounds for 70 gold pieces
  3632 | D        | Bought a potion of might for 56 gold pieces
  3632 | D        | Bought a potion of haste for 140 gold pieces
  3632 | D        | Bought a potion of resistance for 140 gold pieces
  3632 | D        | Bought 2 potions of curing for 84 gold pieces
  3632 | D        | Bought 2 potions of resistance for 280 gold pieces
  3632 | D        | Bought a potion of haste for 140 gold pieces
  3633 | D        | Bought a scroll of identify for 20 gold pieces
  3633 | D        | Bought a scroll of identify for 20 gold pieces
  3633 | D        | Bought a scroll of acquirement for 520 gold pieces
  3633 | D        | Bought a scroll of identify for 20 gold pieces
  3633 | D        | Bought a scroll of magic mapping for 75 gold pieces
  3633 | D        | Bought a scroll of identify for 20 gold pieces
  3635 | D        | Bought the ring "Ysakuats" {+Blink rF+} for 390 gold pieces
  3635 | D        | Bought a +6 ring of dexterity for 360 gold pieces
  3643 | D        | Bought a puce potion for 16 gold pieces
  3643 | D        | Bought a scroll of blinking for 135 gold pieces
  3643 | D        | Bought a scroll labelled YLASSYU UTUTH for 18 gold pieces
  3709 | D        | Reached skill level 1 in Evocations
  3805 | D        | Noticed a centaur warrior
  3809 | D        | Killed a centaur warrior
  3810 | D        | Reached skill level 1 in Stealth
  3856 | D        | Noticed an anaconda
  3860 | D        | an anaconda changed into a wolf spider
  4181 | D        | Identified the +2 triple sword "Nuag" {elec, Int+2}
  4246 | D        | Noticed a yaktaur captain
  4508 | D        | Noticed a seven-headed hydra
  4517 | D        | Killed a six-headed hydra
  4525 | D        | Noticed a four-headed hydra
  4532 | D        | Killed a four-headed hydra
  4755 | D        | Found a blossoming altar of Fedhas.
  4798 | D        | Noticed an anaconda
  4798 | D        | Noticed an anaconda
  4815 | D        | Killed an anaconda
  4821 | D        | Killed an anaconda
  4822 | D        | Reached XP level 13. HP: 105/126 MP: 13/13
  5036 | D        | Noticed a nagaraja
  5055 | D        | Killed a nagaraja
  5076 | D        | Found Ciulaica's Magic Scroll Shop.
  5076 | D        | Found Gufofon's Book Shoppe.
  5081 | D        | Found Yweth's Antique Weapon Boutique.
  5153 | D        | Got a serpentine rune of Zot
  5307 | D        | Bought a scroll of enchant weapon for 82 gold pieces
  5307 | D        | Bought a scroll of blinking for 82 gold pieces
  5307 | D        | Bought a scroll of blinking for 82 gold pieces
  5307 | D        | Bought a scroll of acquirement for 572 gold pieces
  5408 | D        | Killed a dire elephant
  5411 | D        | Killed a dire elephant
  5514 | D        | Noticed an azure jelly
  5515 | D        | Noticed an azure jelly
  5515 | D        | Noticed an azure jelly
  5522 | D        | Noticed an azure jelly
  5525 | D        | Noticed Rupert
  5534 | D        | Killed Rupert
  5557 | D        | Reached skill level 27 in Long Blades
  5939 | D        | Found Qilo Cuusch's Antique Weapon Shoppe.
  5939 | D        | Found Vitugh's Distillery.
  5939 | D        | Found Cistubru's Jewellery Emporium.
  6398 | D        | Noticed the 27-headed Lernaean hydra
  6437 | D        | Killed the 22-headed Lernaean hydra
  6689 | D        | Got a decaying rune of Zot
  6708 | D        | Bought the amulet of Checkmate {Regen+ Stlth+} for 517 gold
                  | pieces
  6714 | D        | Bought a potion of curing for 39 gold pieces
  6714 | D        | Bought a potion of heal wounds for 65 gold pieces
  6714 | D        | Bought a potion of flight for 39 gold pieces
  6714 | D        | Bought a potion of haste for 130 gold pieces
  6714 | D        | Bought a potion of invisibility for 104 gold pieces
  6714 | D        | Bought a potion of heal wounds for 65 gold pieces
  6783 | D        | Bought a glowing triple sword for 286 gold pieces
  6784 | D        | Bought an ichor-stained chain mail for 313 gold pieces
  6784 | D        | Identified the +6 chain mail of Whack-A-Mole {Contam
                  | Will+++ Regen+ MP-9} (You bought it in a shop in the
                  | Dungeon)
  6784 | D        | Bought a glimmering scale mail for 297 gold pieces
  6784 | D        | Identified the +1 scale mail of Mazuthru {rF+ MP-9 Int+3}
                  | (You bought it in a shop in the Dungeon)
  6784 | D        | Bought a pair of glowing boots for 247 gold pieces
  6818 | D        | Acquired the +3 pair of mountain boots {steadfast, rC+}
  6818 | D        | Found the +3 pair of mountain boots {steadfast, rC+}
  6830 | D        | Acquired 738 gold pieces
  6840 | D        | Bought a jewelled chain mail for 313 gold pieces
  6840 | D        | Identified the +3 chain mail of Jocular Intercession {rC+}
                  | (You bought it in a shop in the Dungeon)
  6840 | D        | Bought ice dragon scales for 1980 gold pieces
  6946 | D        | Gained mutation: You sometimes lose your temper in combat.
                  | [mutagenic glow]
  7009 | D        | Lost mutation: You sometimes lose your temper in combat.
                  | [potion of mutation]
  7009 | D        | Gained mutation: Your muscles are strong. (Str +4, Int/Dex
                  | -1) [potion of mutation]
  7009 | D        | Gained mutation: You are partially covered in iridescent
                  | scales. (AC +2) [potion of mutation]
  7224 | D        | Killed a yaktaur captain
  7225 | D        | Reached XP level 14. HP: 102/143 MP: 5/14
  7378 | D        | Noticed Azrael
  7385 | D        | Killed Azrael
  7669 | D        | Noticed Chuck
  7678 | D        | Killed Chuck
  7895 | D        | Noticed a lich
  7903 | D        | Killed a lich
  7915 | D        | Acquired 553 gold pieces
  7931 | D        | Noticed a sphinx
  7931 | D        | Noticed a sphinx
  7944 | D        | Killed a sphinx
  7945 | D        | Reached skill level 27 in Fighting
  7945 | D        | Reached skill level 5 in Stealth
  7949 | D        | Killed a sphinx
  7950 | D        | Reached skill level 1 in Spellcasting
  7955 | D        | Reached skill level 5 in Evocations
  8353 | D        | Reached skill level 10 in Armour
  8357 | D        | Noticed a deep elf annihilator
  8360 | D        | Noticed a deep elf annihilator
  8479 | D        | Noticed a deep elf annihilator
  8480 | D        | Identified the ring "Ahira" {rC+ EV+4 Dex+2 Slay-6 Stlth+}
  8480 | D        | Noticed a deep elf blademaster
  8480 | D        | Identified the +8 hand axe of Ru's Approval {venom, rF+
                  | Will++ Int+4}
  8491 | D        | Killed a deep elf annihilator
  8530 | D        | Killed a deep elf annihilator
  8581 | D        | Killed a deep elf blademaster
  8586 | D        | Killed a deep elf annihilator
  8587 | D        | Reached skill level 5 in Spellcasting
  8631 | D        | Identified the ring "Suowiq" {+Blink rPois rC+ Will- Dex+4}
  8631 | D        | Identified the ring of Feocrem {rPois rC+}
  8642 | D        | Identified the +0 cloak of Hangman {-Tele +Inv rF++ rC+}
  8654 | D        | Bought the ring of the Mage {Wiz Archmagi} for 969 gold
                  | pieces
  8654 | D        | Found the ring of the Mage {Wiz Archmagi}
  8802 | D        | Noticed Sojobo
  8827 | D        | Paralysed by an air elemental for 1 turns
  8839 | D        | Paralysed by an air elemental for 1 turns
  8950 | D        | Killed Sojobo
  8951 | D        | Reached XP level 15. HP: 139/159 MP: 12/24
  9015 | D        | Noticed a lich
  9024 | D        | Killed a lich
  9032 | D        | Noticed a shadow dragon
  9032 | D        | Noticed a shadow dragon
  9043 | D        | Killed a shadow dragon
  9044 | D        | Reached skill level 10 in Stealth
  9069 | D        | Killed a shadow dragon
  9236 | D        | Noticed a golden dragon
  9236 | D        | Noticed a fire giant
  9236 | D        | Noticed a shadow dragon
  9236 | D        | Noticed a quicksilver dragon
  9266 | D        | Killed a fire giant
  9310 | D        | Identified the +6 plate armour of the Tundras {Rampage
                  | rPois}
  9319 | D        | Reached skill level 10 in Spellcasting
  9321 | D        | Reached skill level 10 in Evocations
  9335 | D        | Noticed a frost giant
  9356 | D        | Killed a frost giant
  9405 | D        | Killed a golden dragon
  9417 | D        | Killed a quicksilver dragon
  9452 | D        | Killed a shadow dragon
  9510 | D        | Got a silver rune of Zot
  9513 | D        | Identified the +5 giant club "Ucvo Gok" {freeze, *Slow rN+
                  | Int+4 SInv}
  9515 | D        | Got Lasi's Enchiridion on the Commander and the Oath
  9517 | D        | Got the Compilation of the Mountains and Allies
  9573 | D        | Acquired the +0 cloak of the Imp {rElec}
  9586 | D        | Bought a potion of mutation for 88 gold pieces
  9586 | D        | Bought a potion of might for 44 gold pieces
  9586 | D        | Bought a potion of curing for 33 gold pieces
  9586 | D        | Bought a potion of haste for 110 gold pieces
  9725 | D        | Reached skill level 15 in Stealth
  9750 | D        | Reached XP level 16. HP: 167/167 MP: 24/33
  9779 | D        | Noticed Boris
  9804 | D        | Killed Boris
  9934 | D        | Found Laeheafa's Distillery.
  9934 | D        | Found Fagheuzo's Armour Shop.
  9934 | D        | Found Xuplipoo's Distillery.
  9934 | D        | Found Saukh's Distillery.
  9979 | D        | Bought a potion of haste for 130 gold pieces
  9979 | D        | Bought a potion of magic for 104 gold pieces
  9979 | D        | Bought a potion of mutation for 104 gold pieces
  9979 | D        | Bought a potion of might for 52 gold pieces
  9979 | D        | Bought a potion of haste for 130 gold pieces
  9979 | D        | Bought a potion of cancellation for 104 gold pieces
  9980 | D        | Bought a potion of haste for 100 gold pieces
  9980 | D        | Bought a potion of might for 40 gold pieces
  9980 | D        | Bought a potion of invisibility for 80 gold pieces
  9980 | D        | Bought a potion of mutation for 80 gold pieces
  9980 | D        | Bought a potion of invisibility for 80 gold pieces
  9980 | D        | Bought a potion of flight for 30 gold pieces
  9980 | D        | Bought a potion of curing for 30 gold pieces
  9983 | D        | Bought a potion of invisibility for 96 gold pieces
  9983 | D        | Bought a potion of curing for 36 gold pieces
  9992 | D        | Found Qevuick's Armour Boutique.
 10019 | D        | Noticed Roxanne
 10030 | D        | Killed Roxanne
 10135 | D        | Bought a manual of Dodging for 1360 gold pieces
 10135 | D        | Bought a manual of Stealth for 1360 gold pieces
 10135 | D        | Bought a manual of Spellcasting for 1360 gold pieces
 10135 | D        | Bought Great Wizards, Vol. VII for 510 gold pieces
 10135 | D        | Bought the Codex of Grit for 782 gold pieces
 10135 | D        | Noticed Mennas
 10197 | D        | Slain by Mennas

Illustrated notes

Levels and vault maps discovered:
D:        dungeon_sprint_mu [sprint_mu_entry_forest, sprint_mu_temple_rooms,
          sprint_mu_d1_horrors, sprint_mu_d2_genie, sprint_mu_d3_branching,
          sprint_mu_orc_legion, sprint_mu_elf_gauntlet, sprint_mu_hive_nellie,
          sprint_mu_lair_fedhas, sprint_mu_vaults_butterflies,
          sprint_mu_slime_circle, sprint_mu_swamp_cave, sprint_mu_snake_twists,
          sprint_mu_blade_basic, sprint_mu_crypt_fortress,
          sprint_mu_tomb_spiral, sprint_mu_vestibule_basic,
          sprint_mu_gehenna_hellfire, sprint_mu_dis_giant,
          sprint_mu_tartarus_statrot, sprint_mu_cocytus_islands, sprint_mu_zot1]

Skill      XL: |  1  2  3  4  5  6  7  8  9 10 11 12 13 14 15 16 |
---------------+-------------------------------------------------+-----
Long Blades    | 6 7 10 11 13 15 18 19 20 23 27 | 27.0
Fighting       | 3 6 7 10 11 14 16 18 19 23 27 | 27.0
Dodging        | 11 14 18 19 21 23 24 | 24.9
Armour         | 5 8 9 10 13 14 | 14.0
Evocations     | 4 8 12 14 | 14.0
Stealth        | 4 9 15 18 | 18.0
Spellcasting   | 6 13 14 | 14.4
Throwing       | |  2.0

Action                   |  1- 3 |  4- 6 |  7- 9 | 10-12 | 13-15 | 16-18 || total
-------------------------+-------+-------+-------+-------+-------+-------++-------
Melee: Long sword        |    25 |    30 |   103 |    30 |       |       ||   188
       Punch             |     1 |     1 |     1 |       |       |       ||     3
       Tailslap          |     2 |       |    18 |    16 |    27 |       ||    63
       Great sword       |       |       |       |   198 |       |       ||   198
       Triple sword      |       |       |       |    89 |   447 |    90 ||   626
Throw: Throwing net      |     1 |       |       |       |       |       ||     1
       Javelin           |       |       |       |     7 |     1 |       ||     8
Invok: Potion Petition   |       |       |     1 |     1 |     1 |       ||     3
       Call Merchant     |       |       |       |     2 |     5 |     1 ||     8
 Abil: Evoke Blink       |       |       |       |       |       |     1 ||     1
Evoke: Piece from Xom's  |       |     3 |       |       |       |       ||     3
  Use: Potion            |     2 |       |     2 |       |     6 |     5 ||    15
       Scroll            |       |       |       |     3 |    17 |       ||    20
 Stab: Sleeping          |       |     1 |       |       |     5 |     5 ||    11
       Distracted        |       |       |       |     3 |    14 |     1 ||    18
       Confused          |       |       |       |     1 |       |       ||     1
       Invisible         |       |       |       |       |     3 |       ||     3
Armor: Leather armour    |     1 |     3 |     6 |       |       |       ||    10
       Ring mail         |       |       |       |    60 |    33 |       ||    93
       Ice dragon scales |       |       |       |       |     3 |       ||     3
       Scale mail        |       |       |       |       |    55 |    20 ||    75
Dodge: Dodged            |     9 |     5 |    41 |   269 |   362 |    92 ||   778

Table legend: (Time is in decaauts)
 A = Elapsed time spent in this place.
 B = Non-inter-level travel time spent in this place.
 C = Inter-level travel time spent in this place.
 D = Time resting spent in this place.
 E = Time spent auto-exploring this place.
 F = Levels seen in this place.
 G = Mean time per level.
                   A        B        C        D        E       F      G
               +--------+--------+--------+--------+--------+-----+--------+
         Total |   9757 |   9083 |    674 |   5362 |      0 |   1 | 9757.0 |
       Dungeon |   9757 |   9083 |    674 |   5362 |      0 |   1 | 9757.0 |
               +--------+--------+--------+--------+--------+-----+--------+

Top non-repeatable levels by time:
       D: 9757 daAuts
